 Dungeon Crawl Stone Soup version 0.27.1 (webtiles) character file.

Game seed: 11784809084756069890

125 DoubleLucky the Magician (level 4, -4/24 HPs)
             Began as a Deep Elf Venom Mage on Aug 29, 2021.
             Killed by divine providence
             ... invoked by an orc priest
              (7 damage)
             ... on level 3 of the Dungeon.
             The game lasted 00:14:13 (3176 turns).

DoubleLucky the Magician (Deep Elf Venom Mage)      Turns: 3176, Time: 00:14:13

Health: -4/24      AC:  3    Str:  5    XL:     4   Next: 82%
Magic:  1/12       EV: 27    Int: 21    God:
Gold:   102        SH:  0    Dex: 15    Spells: 9/12 levels left

rFire    . . .     SeeInvis .   (no weapon)
rCold    . . .     Faith    .   (no shield)
rNeg     . . .     Spirit   .   a - +0 robe
rPois    .         Reflect  .   m - +0 helmet
rElec    .         Harm     .   (no cloak)
rCorr    .         Rampage  .   (no gloves)
Will     .....                  (no boots)
Stlth    ++........             l - amulet of the acrobat
HPRegen  0.08/turn              (no ring)
MPRegen  0.13/turn              (no ring)

@: acrobatic
A: no striking features
a: no special abilities


You were on level 3 of the Dungeon.
You visited 1 branch of the dungeon, and saw 3 of its levels.

You collected 102 gold pieces.

Inventory:

Missiles
 c - 3 curare-tipped darts
 e - 84 stones (quivered)
Armour
 a - a +0 robe (worn)
 g - a +0 leather armour of cold resistance
 k - a +2 buckler
 m - a +0 helmet (worn)
Jewellery
 l - an amulet of the acrobat (around neck)
Scrolls
 j - a scroll of noise {unknown}
Potions
 b - a potion of heal wounds {unknown}
 d - 2 potions of mutation
 h - 2 potions of brilliance
 i - a potion of degeneration {unknown}
 n - a potion of curing {unknown}


   Skills:
 - Level 2.4 Dodging
 - Level 2.4 Stealth
 + Level 4.6 Spellcasting
 + Level 3.0 Transmutations
 + Level 4.4 Poison Magic


You had 9 spell levels left.
You knew the following spells:

 Your Spells              Type           Power      Damage    Failure   Level
a - Sting                 Tmut/Pois      80%        1d7       2%          1
b - Poisonous Vapours     Pois/Air       28%        N/A       7%          2

Your spell library contained the following spells:

 Spells                   Type           Power      Damage    Failure   Level
 Mephitic Cloud           Conj/Pois/Air  11%        N/A       19%         3
 Olgreb's Toxic Radiance  Pois           23%        N/A       19%         4


Dungeon Overview and Level Annotations

Branches:
Dungeon (3/15)

Altars:

Shops:
D:3 *

Annotations:
D:2 exclusion: downstairs


Message History

Confirm with . or Enter, or press ? or * to list all spells.
Aiming: Sting (safe; 2% risk of failure)
Press: ? - help, Shift-Dir - straight line, f/p - orc wizard
Aim: an orc wizard, wielding a +0 dagger and wearing a +0 robe (heavily wounded, very poisoned, 67% to hit)
The sting misses the orc wizard.
The orc wizard gestures at you while chanting.
You resist with some effort.
Casting: Sting (safe; 2% risk of failure)
Confirm with . or Enter, or press ? or * to list all spells.
Aiming: Sting (safe; 2% risk of failure)
Press: ? - help, Shift-Dir - straight line, f/p - orc wizard
Aim: an orc wizard, wielding a +0 dagger and wearing a +0 robe (severely wounded, very poisoned, 67% to hit)
The sting hits the orc wizard.
The orc wizard looks as sick as possible!
The orc wizard is almost dead.
The orc wizard barely misses you.
The orc hits you with a +1 antimagic whip.
You feel your power leaking away.
Casting: Sting (safe; 2% risk of failure)
Confirm with . or Enter, or press ? or * to list all spells.
Aiming: Sting (safe; 2% risk of failure)
Press: ? - help, Shift-Dir - straight line, f/p - orc wizard
Aim: an orc wizard, wielding a +0 dagger and wearing a +0 robe (almost dead, extremely poisoned, 67% to hit)
The sting hits the orc wizard.
The orc wizard looks as sick as possible!
You kill the orc wizard!
The orc hits you with a +1 antimagic whip.
* * * LOW HITPOINT WARNING * * *
You feel your power leaking away.
Your Transmutations skill increases to level 3!
Casting: Sting (safe; 2% risk of failure)
Confirm with . or Enter, or press ? or * to list all spells.
You don't have enough magic to cast this spell.
The orc throws a boomerang.
The boomerang hits you.
* * * LOW HITPOINT WARNING * * *
You see here a bat corpse.
The orc throws a boomerang.
The boomerang closely misses you.
The orc priest mumbles some strange prayers to Beogh against you.
Beogh smites you!
You die...

.....#.............#..#.....#<..[
.#####......###.#..#..#....#.....
. . #......# #.#.##........[....
(.##......# #.####.#....#......
...).o....# #...........###..##
..#(..o.### #.####....#......#
#......####...#.....#.##..#..
#.>..#.##..........†......#.#
[......#.)o.†.@.#.#####.###...#
.##....#..o)............# #####
#.....................#
#####(........#######.#
#.........# #.. ##........# ###
###......# #.......


You could see an orc priest and an orc.

Vanquished Creatures
  An orc wizard (D:3)
  Natasha (D:2)
  Robin (D:2)
  2 adders
  2 dart slugs (D:1)
  An orc (D:3)
  A ball python (D:1)
  5 endoplasms
  2 giant cockroaches
  6 hobgoblins
  4 kobolds (D:2)
  4 bats
  A frilled lizard (D:1)
  9 goblins
  3 rats
43 creatures vanquished.

Notes
Turn   | Place    | Note
-------+----------+-------------------------------------------
     0 | D:1      | DoubleLucky the Deep Elf Venom Mage began the quest for the
                  | Orb.
     0 | D:1      | Reached XP level 1. HP: 10/10 MP: 6/6
   336 | D:1      | Reached XP level 2. HP: 15/15 MP: 5/8
   711 | D:1      | Found a faded altar of an unknown god.
  1625 | D:2      | Noticed Natasha
  1636 | D:2      | Killed Natasha
  1637 | D:2      | Reached XP level 3. HP: 12/19 MP: 6/10
  1743 | D:2      | Learned a level 2 spell: Poisonous Vapours
  2278 | D:2      | Noticed Robin
  2298 | D:2      | Killed Robin
  2299 | D:2      | Reached XP level 4. HP: 8/24 MP: 6/12
  2353 | D:2      | HP: 1/24 [goblin[Robin] (4)]
  3075 | D:3      | Found Xolibbae's General Store.
  3176 | D:3      | Killed from afar by an orc priest

Illustrated notes

Levels and vault maps discovered:
D:1:      giann_wishing_wells, layout_loops_ring,
          hellmonk_ecumenical_altar_inner_sanctum
D:2:      mumra_celtic_spiral_tile, layout_loops_ring, uniq_robin, uniq_natasha
D:3:      layout_basic, serial_shops, nicolae_shop_crystal,
          nicolae_shop_behind_doors

Skill      XL: |  1  2  3  4 |
---------------+-------------+-----
Transmutations | 2 3 |  3.0
Poison Magic   | 4 |  4.4
Spellcasting   | 4 |  4.6
Dodging        | |  2.4
Stealth        | |  2.4

Action                   |  1- 3 |  4- 6 || total
-------------------------+-------+-------++-------
Melee: Unarmed           |    23 |     5 ||    28
Throw: Stone             |    16 |    11 ||    27
 Cast: Sting             |    57 |    28 ||    85
  Use: Scroll            |       |     2 ||     2
Armor: Robe              |     4 |     3 ||     7
Dodge: Dodged            |    31 |    16 ||    47
